 Dungeon Crawl Stone Soup version 0.16.0 (webtiles) character file.

79 Fiveotanaka the Conjurer (level 4, -3/30 HPs)
             Began as a Demonspawn Wizard on Mar 18, 2015.
             Slain by Robin
             ... wielding a +0 spear
              (4 damage)
             ... on level 2 of the Dungeon.
             The game lasted 00:04:17 (1562 turns).

Fiveotanaka the Conjurer (Demonspawn Wizard)        Turns: 1562, Time: 00:04:17

Health: -3/30      AC:  4    Str:  7    XL:     4   Next: 17%
Magic:  9/9        EV: 12    Int: 21    God:
Gold:   8          SH:  0    Dex: 11    Spells: 4 memorised, 1 level left

rFire  . . .     SeeInvis .     i - +3 dagger (venom)
rCold  . . .     Clarity  .     a - +0 robe
rNeg   . . .     SustAb   .     (no shield)
rPois  .         Gourm    .     b - +0 hat
rElec  .         Spirit   .     (no cloak)
rCorr  .         Warding  .     g - +0 pair of gloves
rMut   .         Stasis   .     (no boots)
MR     .....                    (no amulet)
Stlth  +.........               (no ring)
                                (no ring)

@: not resistant to hostile enchantments, very unstealthy
A: hooves 2, icy blue scales 1
a: no special abilities


You were on level 2 of the Dungeon.
You were not hungry.

You visited 1 branch of the dungeon, and saw 2 of its levels.

You collected 8 gold pieces.

Inventory:

Hand weapons
 i - a +3 dagger of venom (weapon)
Missiles
 e - 4 needles of paralysis
Armour
 a - a +0 robe (worn)
 b - a +0 hat (worn)
 g - a +0 pair of gloves (worn)
Magical devices
 j - a wand of frost (21)
Scrolls
 f - 2 scrolls of fear {unknown}
 k - 2 scrolls of identify {unknown}
 m - a scroll of random uselessness {unknown}
 o - a scroll of remove curse {unknown}
Potions
 h - a potion of agility {unknown}
 n - a potion of poison {unknown}
Books
 c - a book of Minor Magic

   Spells                             Type                      Level
   a - Magic Dart                     Conjuration                  1
   b - Blink                          Translocation                2
   c - Call Imp                       Summoning                    2
   d - Repel Missiles                 Charms/Air                   2
   e - Slow                           Hexes                        2
   f - Conjure Flame                  Conjuration/Fire             3
   g - Mephitic Cloud                 Conjuration/Poison/Air       3
Comestibles
 d - a bread ration
 l - 4 chunks of flesh


   Skills:
 - Level 2.0 Dodging
 - Level 1.8 Stealth
 - Level 3.2 Spellcasting
 + Level 3.6 Conjurations
   Level 1.0 Summonings
 - Level 0.8 Translocations


You had one spell level left.
You knew the following spells:

 Your Spells              Type           Power        Failure   Level  Hunger
a - Magic Dart            Conj           ###.         3%          1    None
b - Blink                 Tloc           N/A          14%         2    ##.....
c - Repel Missiles        Chrm/Air       #.....       21%         2    ##.....
d - Mephitic Cloud        Conj/Pois/Air  #.......     24%         3    ###....


Dungeon Overview and Level Annotations

Branches:
Dungeon (2/15)

Altars:

Annotations:
D:2 Robin


Innate Abilities, Weirdness & Mutations

You have hoof-like feet.
You are partially covered in icy blue scales (AC +1).


Message History

The hobgoblin shouts!
You hit the goblin!
You kill the goblin!
Robin barely misses you. The hobgoblin closely misses you.
You barely miss the hobgoblin. The hobgoblin misses you.
Robin closely misses you.
A hobgoblin comes into view.
You hit the hobgoblin.
You kill the hobgoblin!
The hobgoblin moves out of view.
Robin hits you from afar with a spear.
* * * LOW HITPOINT WARNING * * *
Robin closely misses you.
You see here a goblin corpse.
You hit Robin.
Robin is poisoned.
Robin is moderately wounded.
Robin hits you with a spear.
* * * LOW HITPOINT WARNING * * *
Robin laughs in a distinctly smug fashion.
Robin hits you from afar with a spear.
You die...

.# # #......#...#.#
.#.#####.........#.#
..............####.#
##.##...>.....####.#
....#.###........#
....#.#........#.#
....#.#.######.#.#
....#.# #.#)#
....#.# #.#@#
..#.#)# ..#†#
....#.# ###g#
..#.#<#.#.... #r#
.............. #g#
#####.#...... ...
......... ..#
#.####### ### #..


You could see Robin, a hobgoblin (frenzied) and a rat.

Vanquished Creatures
  Jessica (D:2)
  An adder (D:2)
  An adder zombie (D:1)
  2 giant geckos (D:1)
  5 bats (D:1)
  9 hobgoblins
  8 jackals (D:1)
  A giant gecko zombie (D:1)
  A giant newt (D:1)
  7 goblins
  6 kobolds
  A quokka (D:2)
  2 rats (D:1)
45 creatures vanquished.

Notes
Turn   | Place    | Note
--------------------------------------------------------------
     0 | D:1      | Fiveotanaka, the Demonspawn Wizard, began the quest for the Orb.
     0 | D:1      | Reached XP level 1. HP: 13/13 MP: 4/4
   368 | D:1      | Gained mutation: You have large cloven feet. [demonic ancestry]
   368 | D:1      | Reached XP level 2. HP: 19/19 MP: 0/6
   631 | D:1      | You fall through a shaft!
   631 | D:2      | Noticed Jessica
   641 | D:2      | Killed Jessica
   641 | D:2      | Gained mutation: You are partially covered in icy blue scales (AC +1). [demonic ancestry]
   641 | D:2      | Reached XP level 3. HP: 13/24 MP: 1/8
  1288 | D:1      | Gained mutation: You have hoof-like feet. [demonic ancestry]
  1288 | D:1      | Reached XP level 4. HP: 30/30 MP: 3/9
  1456 | D:2      | Learned a level 2 spell: Blink
  1459 | D:2      | Learned a level 2 spell: Repel Missiles
  1463 | D:2      | Learned a level 3 spell: Mephitic Cloud
  1546 | D:2      | Noticed Robin
  1561 | D:2      | HP: 1/30 [Robin/spear (6)]
  1562 | D:2      | Slain by Robin

Action                   |  1- 3 |  4- 6 || total
-------------------------+-------+-------++-------
Melee: Unarmed           |    10 |       ||    10
       Dagger            |    45 |    15 ||    60
 Cast: Magic Dart        |    43 |     4 ||    47
 Stab: Sleeping          |     1 |       ||     1
  Eat: Chunk             |     1 |     1 ||     2
